[Event "23rd ETCC Women 2021"]
[Site "Catez"]
[Date "2021.11.21"]
[Round "9.16"]
[White "Lanchava, Tea"]
[Black "Beydullayeva, Govhar"]
[Result "1/2-1/2"]
[ECO "A13"]
[WhiteElo "2215"]
[BlackElo "2278"]
[Annotator "NA"]
[PlyCount "129"]
[EventDate "2021.11.08"]
[EventType "team-tourn"]
[EventCountry "SLO"]
[SourceTitle "playchess.com"]
[Source "ChessBase"]
[SourceQuality "1"]
[WhiteTeam "Netherlands"]
[BlackTeam "Azerbaijan"]
[WhiteTeamCountry "NED"]
[BlackTeamCountry "AZE"]
[TimeControl "40/5400+30:1800+30"]

1. c4 e6 2. Nf3 Nf6 3. e3 b6 4. b3 Bb7 5. Bb2 d5 6. Nc3 Nbd7 7. Be2 a6 8. Qc2 Bd6 9. cxd5 exd5 10. Nh4 g6 11. f4 Qe7 12. O-O O-O 13.
Rae1 b5 14. Bf3 Ne4 15. d3 Nxc3 16. Qxc3 f6 17. Re2 c5 18. Ba1 b4 19. Qb2 Nb6 20. g4 c4 21. dxc4 dxc4 22. bxc4 Bxf3 23. Nxf3 Qe4 24. g5 Be7 25. Qd4 Qxd4 26. exd4 Rae8 27. Rfe1 Kf7 28. gxf6 Bxf6 29. Ne5+ Bxe5 30. fxe5 Nxc4 31.
d5 Ke7 32. Bd4 Rc8 33. Bf2 g5 34. Rd1 h5 35. Re4 Nb2 36. Rd2 Nc4 37. Rc2 Rf4 38. Rxf4 gxf4 39. Bh4+ Kf8 40. Re2 Ne3 41. Rd2 Rc1+ 42. Kf2 Ng4+ 43. Kf3 Nxe5+ 44. Ke4 Nd7 45. Kxf4 Rf1+ 46. Kg5 Ne5 47. d6 Rf7 48. Kh6 Kg8 49. Rd5 Rh7+ 50. Kg5 Nd7 51. Kf5 Kf7 52. Bg5 Rh8 53. Rd4 Rb8 54. Re4 Rb5+ 55. Kf4 Nf6 56. Rd4 Nd7 57. Re4 Nf6 58. Rd4 Nd7 59. Be7 Ke6 60. Rd1 Rf5+ 61. Kg3 a5 62. h4 a4 63. Rd4 Rb5 64. Re4+ Kd5 65. Kf3 1/2-1/2

[Event "23rd ETCC Women 2021"]
[Site "Catez"]
[Date "2021.11.21"]
[Round "9.17"]
[White "Injac, Teodora"]
[Black "Tsolakidou, Stavroula"]
[Result "1-0"]
[ECO "D02"]
[WhiteElo "2387"]
[BlackElo "2377"]
[Annotator "NA"]
[PlyCount "103"]
[EventDate "2021.11.08"]
[EventType "team-tourn"]
[EventCountry "SLO"]
[SourceTitle "playchess.com"]
[Source "ChessBase"]
[SourceQuality "1"]
[WhiteTeam "Serbia"]
[BlackTeam "Greece"]
[WhiteTeamCountry "SRB"]
[BlackTeamCountry "GRE"]
[TimeControl "40/5400+30:1800+30"]

1. Nf3 d5 2. g3 Nd7 3. d4 Nb6 4. Nc3 Bf5 5. Nh4 e6 6. Nxf5 exf5 7. Qd3 g6 8. Bg2 Nf6 9. Bg5 Be7 10. a4 c6 11. Bxf6 Bxf6 12. b3 a5 13.
e3 O-O 14. O-O Qc7 15. Rab1 Rfd8 16. Ne2 Rab8 17. Rfc1 Nd7 18. c4 dxc4 19. bxc4 Nc5 20. Qc2 Na6 21. c5 Nb4 22. Qc4 Bg5 23. Nc3 h5 24. Na2 Nd5 25. Bxd5 Rxd5 26. Nc3 Rd7 27. Rb6 Kg7 28. Rcb1 Qd8 29. Qb3 Qc8 30. d5 Ra8 31. Rxb7 Rxb7 32. Qxb7 Qxb7 33. Rxb7 Bf6 34. Ne2 cxd5 35. Nd4 Rc8 36. Rb5 Bd8 37. Kf1 Kf8 38. Ke2 Ke8 39. Kd3 Kd7 40. Nb3 Kc6 41. Nd4+ Kd7 42. Rb7+ Ke8 43. Nb3 Bf6 44. Rb5 Kd7 45. Rxa5 Rb8 46. Rb5 Ra8 47. Rb7+ Ke8 48. a5 Bd8 49. c6 Rc8 50. a6 Rxc6 51. a7 Ra6 52. Nd4 1-0

[Event "23rd ETCC Women 2021"]
[Site "Catez"]
[Date "2021.11.21"]
[Round "9.18"]
[White "Avramidou, Anastasia"]
[Black "Velikic, Adela"]
[Result "1-0"]
[ECO "A11"]
[WhiteElo "2217"]
[BlackElo "2287"]
[Annotator "NA"]
[PlyCount "105"]
[EventDate "2021.11.08"]
[EventType "team-tourn"]
[EventCountry "SLO"]
[SourceTitle "playchess.com"]
[Source "ChessBase"]
[SourceQuality "1"]
[WhiteTeam "Greece"]
[BlackTeam "Serbia"]
[WhiteTeamCountry "GRE"]
[BlackTeamCountry "SRB"]
[TimeControl "40/5400+30:1800+30"]

1. Nf3 d5 2. g3 Nf6 3. Bg2 c6 4. O-O Bf5 5. c4 e6 6. Qb3 Qb6 7. d3 Nbd7 8. Be3 Bc5 9. Bxc5 Nxc5 10. Qc3 a5 11. b3 O-O 12. Nbd2 Ncd7 13. Rfe1 Bg6 14. a3 Rfd8 15. h3 Qc7 16. Nh4 Qd6 17. Nxg6 hxg6 18. d4 e5 19. e3 e4 20. c5 Qc7 21. b4 axb4 22. axb4 b6 23.
cxb6 Qxb6 24. Nb3 Rxa1 25. Rxa1 Rb8 26. Na5 Qxb4 27. Qxb4 Rxb4 28. Nxc6 Rb7 29. Ra8+ Nf8 30. Bf1 g5 31. Ba6 Rc7 32. Rc8 Rxc8 33. Bxc8 Ng6 34. Bf5 Nf8 35. Kf1 Kh8 36. Ke2 g6 37. Bc8 N8d7 38. Ne5 Nxe5 39. dxe5 Ng8 40. Bb7 Ne7 41. Kd2 Kg7 42. Kc3 f5 43. Kd4 Kf7 44. Bxd5+ Ke8 45. Kc5 Kd7 46. Bf7 Kc7 47. e6 g4 48. h4 Kd8 49. Kd6 f4 50. Ke5 fxg3 51. fxg3 Nf5 52. Kf6 Ne7 53. Bxg6 1-0

[Event "23rd ETCC Women 2021"]
[Site "Catez"]
[Date "2021.11.21"]
[Round "9.19"]
[White "Eric, Jovana"]
[Black "Pavlidou, Ekaterini"]
[Result "1/2-1/2"]
[ECO "B30"]
[WhiteElo "2253"]
[BlackElo "2172"]
[Annotator "NA"]
[PlyCount "133"]
[EventDate "2021.11.08"]
[EventType "team-tourn"]
[EventCountry "SLO"]
[SourceTitle "playchess.com"]
[Source "ChessBase"]
[SourceQuality "1"]
[WhiteTeam "Serbia"]
[BlackTeam "Greece"]
[WhiteTeamCountry "SRB"]
[BlackTeamCountry "GRE"]
[TimeControl "40/5400+30:1800+30"]

1. e4 c5 2. Nf3 Nc6 3. Bb5 Nf6 4. Bxc6 dxc6 5. d3 Qc7 6.
O-O e5 7. Nbd2 Be6 8. b3 h6 9. Bb2 Nd7 10. a4 g5 11. Nc4 Bg7 12. Nfd2 h5 13.
a5 Bf6 14. Ne3 O-O-O 15. Ndc4 g4 16. Bc3 Bg5 17. b4 Bf4 18.
Qe2 cxb4 19. Bxb4 c5 20. Bc3 Bxe3 21. Nxe3 Nb8 22. Rfb1 Nc6 23. Rb5 Nd4 24. Bxd4 exd4 25. Nf1 Bd7 26. Rb2 Rde8 27. Qd1 f5 28. exf5 Bc6 29. Nd2 h4 30. f6 Qf4 31. Ne4 Rxe4 32. dxe4 h3 33.
Ra3 hxg2 34. Rg3 Qh6 35. Rxg2 Bxe4 36. Qxg4+ Kd8 37. Qg5 Bxg2 38. Qxh6 Rxh6 39. Kxg2 Kc7 40. f7 Rg6+ 41. Kf1 Rf6 42. h4 Rxf7 43. Rb3 Kc6 44. h5 Rh7 45. Rh3 Kb5 46. Ke2 Kxa5 47. h6 Kb5 48. Kf3 c4 49. Ke2 Kc5 50. Kd2 Kd5 51. Rh5+ Kd6 52. Rh4 Ke5 53. Rh5+ Kf4 54. Rh4+ Kf3 55. Rxd4 Rxh6 56. Rxc4 Rd6+ 57. Kc1 Kxf2 58. Ra4 a6 59. Rb4 Rd7 60. Kb2 Ke3 61. Kb3 Kd2 62. Kb2 b5 63. c4 Rd4 64. Kb3 bxc4+ 65. Rxc4 Rxc4 66. Kxc4 a5 67. Kb5 1/2-1/2

[Event "23rd ETCC Women 2021"]
[Site "Catez"]
[Date "2021.11.21"]
[Round "9.20"]
[White "Markantonaki, Haritomeni"]
[Black "Gajcin, Marina"]
[Result "0-1"]
[ECO "B30"]
[WhiteElo "2174"]
[BlackElo "2198"]
[Annotator "ChessBase"]
[PlyCount "151"]
[EventDate "2021.11.08"]
[EventType "team-tourn"]
[EventCountry "SLO"]
[SourceTitle "playchess.com"]
[Source "ChessBase"]
[SourceQuality "1"]
[WhiteTeam "Greece"]
[BlackTeam "Serbia"]
[WhiteTeamCountry "GRE"]
[BlackTeamCountry "SRB"]
[TimeControl "40/5400+30:1800+30"]

1. e4 c5 2. Nf3 Nc6 3. Bb5 e6 4. O-O Nge7 5. Re1 a6 6. Bf1 b6 7. c3 d5 8. e5 d4 9. d3 Bb7 10. Nbd2 Ng6 11. g3 Qd5 12. c4 Qd7 13. Bg2 O-O-O 14. a3 f6 15. exf6 gxf6 16. Ne4 Be7 17. Bh3 f5 18. Neg5 Bxg5 19. Bxg5 Rde8 20. Rb1 Qd6 21. Qe2 Rhf8 22. Bh6 Rg8 23. Kf1 Nd8 24. b4 f4 25. bxc5 Qxc5 26. Ne5 f3 27. Nxf3 Qh5 28. Bg2 Qxh6 29. Rxb6 Qg7 30. Qd2 Re7 31. Reb1 Rc7 32. Qa5 Nf4 33. Ne1 Nxg2 34. Nxg2 e5 35. c5 Qf7 36. Rxa6 Bxa6 37. Qxa6+ Kd7 38. Qd6+ Ke8 39. Re1 Re7 40. Rxe5 Rg6 41. Rxe7+ Qxe7 42. Qxd4 Ne6 43. Qa4+ Kf7 44. Nf4 Nxf4 45. Qxf4+ Rf6 46. Qh4 h6 47. Qh5+ Kf8 48. Qd5 Qe6 49. Qd4 Qc6 50. Qe4 Qxc5 51. f4 Qxa3 52. Qh7 Qb2 53. Qh8+ Ke7 54. Qh7+ Kd6 55. Qg8 Kc7 56. Qh7+ Kb6 57. Qg8 Kb7 58. Qh7+ Kb6 59. Qg8 Qb1+ 60. Kg2 Qxd3 61. Qb8+ Kc5 62. Qc7+ Rc6 63. Qa5+ Kc4 64. Qa4+ Kd5 65. Qa5+ Ke6 66. Qe5+ Kf7 67. Qh5+ Qg6 68. Qd5+ Qe6 69. Qd3 Rc5 70. Qh7+ Ke8 71. Qh8+ Kd7 72. Qh7+ Kc6 73. h4 h5 74. Qd3 Qd5+ 75. Qxd5+ Kxd5 76. g4 0-1

[Event "23rd ETCC Women 2021"]
[Site "Catez"]
[Date "2021.11.21"]
[Round "9.21"]
[White "Paehtz, Elisabeth"]
[Black "Zaksaite, Salomeja"]
[Result "1-0"]
[ECO "C28"]
[WhiteElo "2485"]
[BlackElo "2250"]
[Annotator "RC"]
[PlyCount "143"]
[EventDate "2021.11.08"]
[EventType "team-tourn"]
[EventCountry "SLO"]
[SourceTitle "playchess.com"]
[Source "ChessBase"]
[SourceQuality "1"]
[WhiteTeam "Germany"]
[BlackTeam "Lithuania"]
[WhiteTeamCountry "GER"]
[BlackTeamCountry "LTU"]
[TimeControl "40/5400+30:1800+30"]

1. e4 e5 2. Bc4 Nf6 3. d3 Nc6 4. Nc3 d6 5. Nge2 Bg4 6. h3 Be6 7. Nd5 Be7 8. c3 a6 9. a4 Qd7 10. Ng3 Nd8 11. Qf3 Rb8 12. a5 h6 13.
Be3 c6 14. Nb6 Qc7 15. Nf5 Bxf5 16. Qxf5 O-O 17. g4 Kh8 18. Qf3 Ne6 19. h4 d5 20. exd5 cxd5 21. Nxd5 Nxd5 22. Bxd5 Nf4 23. Be4 g6 24. Bxf4 exf4 25. Kf1 b6 26. h5 Kg7 27. hxg6 fxg6 28. axb6 Rxb6 29. Kg2 Bg5 30. d4 Rxb2 31. Rxa6 Rb6 32. Rxb6 Qxb6 33. Rb1 Qd6 34. Rb7+ Kh8 35. Qd3 Bf6 36. Bf3 Bg7 37. Qb5 Rc8 38. Rd7 Qf6 39. c4 Rd8 40. d5 Rxd7 41. Qxd7 Bf8 42. Be4 Qe7 43. Qxe7 Bxe7 44. Kf3 Kg7 45. Bd3 Kf6 46. Kxf4 Bc5 47. f3 g5+ 48. Ke4 Bf2 49. Bc2 Bg1 50. Bb3 Bc5 51. Ba4 Bf2 52. d6 Ke6 53. d7 Ke7 54. Kf5 Be3 55.
Kg6 Bc1 56. Kxh6 Bf4 57. Kg6 Bd2 58. c5 Kd8 59. Kf6 Be3 60.
c6 Bf4 61. c7+ Bxc7 62. Kxg5 Ke7 63. f4 Kf7 64. Kf5 Bd8 65.
g5 Kg7 66. Kg4 Kf7 67. f5 Kg7 68. f6+ Kg6 69. Bc2+ Kf7 70. Kf5 Kf8 71. g6 Kg8 72. Bb3+ 1-0

[Event "23rd ETCC Women 2021"]
[Site "Catez"]
[Date "2021.11.21"]
[Round "9.22"]
[White "Baginskaite, Kamile"]
[Black "Heinemann, Josefine"]
[Result "0-1"]
[ECO "A32"]
[WhiteElo "2100"]
[BlackElo "2336"]
[Annotator "NA"]
[PlyCount "54"]
[EventDate "2021.11.08"]
[EventType "team-tourn"]
[EventCountry "SLO"]
[SourceTitle "playchess.com"]
[Source "ChessBase"]
[SourceQuality "1"]
[WhiteTeam "Lithuania"]
[BlackTeam "Germany"]
[WhiteTeamCountry "LTU"]
[BlackTeamCountry "GER"]
[TimeControl "40/5400+30:1800+30"]

1. d4 Nf6 2. Nf3 d5 3. c4 e6 4. Nc3 c5 5. cxd5 cxd4 6. Nxd4 Nxd5 7. Ndb5 a6 8. e4 Nb4 9. Qxd8+ Kxd8 10. Na3 Bc5 11. Bg5+ f6 12. O-O-O+ Ke7 13. Bh4 N8c6 14. Nc4 b5 15. a3 bxc4 16. axb4 Bxb4 17. Bxc4 Ne5 18. Ba2 Bb7 19. f3 Rac8 20. Be1 a5 21. Kc2 Ba6 22. h3 Rc7 23. Kb1 Rb8 24. Kc2 a4 25. Rc1 Bd3+ 26. Kd1 Rd7 27. Bd2 Bxc3 0-1

[Event "23rd ETCC Women 2021"]
[Site "Catez"]
[Date "2021.11.21"]
[Round "9.23"]
[White "Klek, Hanna Marie"]
[Black "Simkunaite, Gabija"]
[Result "1-0"]
[ECO "B33"]
[WhiteElo "2343"]
[BlackElo "1962"]
[Annotator "NA"]
[PlyCount "69"]
[EventDate "2021.11.08"]
[EventType "team-tourn"]
[EventCountry "SLO"]
[SourceTitle "playchess.com"]
[Source "ChessBase"]
[SourceQuality "1"]
[WhiteTeam "Germany"]
[BlackTeam "Lithuania"]
[WhiteTeamCountry "GER"]
[BlackTeamCountry "LTU"]
[TimeControl "40/5400+30:1800+30"]

1. e4 c5 2. Nf3 Nc6 3. d4 cxd4 4. Nxd4 e5 5. Nb5 d6 6. N1c3 a6 7. Na3 b5 8. Nd5 Nf6 9. Bg5 Be7 10. Bxf6 Bxf6 11. c3 Bg5 12. Nc2 Be6 13. a4 bxa4 14. Rxa4 O-O 15. h4 Bh6 16. Rxa6 Rxa6 17. Bxa6 Bxd5 18. Qxd5 Ne7 19. Qd3 Qb6 20. b4 f5 21. Bc4+ Kh8 22. O-O fxe4 23. Qxe4 Nf5 24. Ra1 Qd8 25. Bd5 g6 26. Ra8 Qf6 27. Rxf8+ Bxf8 28. b5 Qd8 29. h5 Qb6 30. c4 Bh6 31. Be6 Ne7 32. Qa8+ Kg7 33. Qe8 Bg5 34. g4 gxh5 35. Qf7+ 1-0

[Event "23rd ETCC Women 2021"]
[Site "Catez"]
[Date "2021.11.21"]
[Round "9.24"]
[White "Sibajeva, Marija"]
[Black "Lubbe, Melanie"]
[Result "1/2-1/2"]
[ECO "B52"]
[WhiteElo "1946"]
[BlackElo "2311"]
[Annotator "NA"]
[PlyCount "120"]
[EventDate "2021.11.08"]
[EventType "team-tourn"]
[EventCountry "SLO"]
[SourceTitle "playchess.com"]
[Source "ChessBase"]
[SourceQuality "1"]
[WhiteTeam "Lithuania"]
[BlackTeam "Germany"]
[WhiteTeamCountry "LTU"]
[BlackTeamCountry "GER"]
[TimeControl "40/5400+30:1800+30"]

1. e4 c5 2. Nf3 d6 3. Bb5+ Bd7 4. Qe2 Nc6 5. Bxc6 Bxc6 6. d4 cxd4 7. Nxd4 Bd7 8. O-O Nf6 9. c4 g6 10. Nc3 Bg7 11. Nb3 O-O 12. f4 a5 13. e5 dxe5 14. fxe5 Ng4 15. Bf4 a4 16. Nd4 Qb6 17. Rad1 Rfd8 18. h3 Nh6 19. Qe3 Be6 20. Bxh6 Bxc4 21. Nde2 Qxe3+ 22. Bxe3 Bxe5 23. Bb6 Rdc8 24. Bd4 Bxd4+ 25. Rxd4 Bxe2 26. Nxe2 Rc2 27. Rf2 Rxb2 28.
Nc3 a3 29. Ra4 Rxa4 30. Nxa4 Rb1+ 31. Kh2 e5 32. Nc3 Rb4 33. Re2 f6 34. Re4 Rd4 35. Rxd4 exd4 36. Nb1 d3 37. Kg3 b5 38. Kf3 b4 39. Nd2 Kf7 40. Ke3 Ke6 41. Kxd3 Kd5 42. Kc2 Kd4 43. Nf1 f5 44. Kd2 b3 45. axb3 a2 46. Ne3 a1=N 47. b4 f4 48.
Nc2+ Nxc2 49. Kxc2 Kc4 50. b5 Kxb5 51. Kd3 f3 52. gxf3 Kc5 53.
Ke4 Kd6 54. Kf4 h6 55. h4 Ke6 56. Kg4 Ke5 57. f4+ Kf6 58. h5 gxh5+ 59. Kxh5 Kf5 60. Kxh6 Kxf4 1/2-1/2

[Event "23rd ETCC Women 2021"]
[Site "Catez"]
[Date "2021.11.21"]
[Round "9.25"]
[White "Repkova, Eva"]
[Black "Brunello, Marina"]
[Result "0-1"]
[ECO "B53"]
[WhiteElo "2307"]
[BlackElo "2359"]
[Annotator "NA"]
[PlyCount "120"]
[EventDate "2021.11.08"]
[EventType "team-tourn"]
[EventCountry "SLO"]
[SourceTitle "playchess.com"]
[Source "ChessBase"]
[SourceQuality "1"]
[WhiteTeam "Slovakia"]
[BlackTeam "Italy"]
[WhiteTeamCountry "SVK"]
[BlackTeamCountry "ITA"]
[TimeControl "40/5400+30:1800+30"]

1. e4 c5 2. Nf3 d6 3. d4 cxd4 4. Qxd4 Nc6 5. Qe3 Nf6 6. Be2 g6 7. O-O Bg7 8. Rd1 O-O 9. c4 Qa5 10. h3 Nd7 11. Nc3 Nc5 12. Nd5 f5 13.
b4 Nxb4 14. Nxe7+ Kh8 15. Rb1 Nc6 16. Bb2 Nxe7 17. Qh6 Rf6 18.
Bxf6 Bxf6 19. Qf8+ Ng8 20. e5 Be7 21. Qe8 Ne4 22. exd6 Nxd6 23. Rxd6 Bxd6 24. Ng5 Be7 25. Nf7+ Kg7 26. Bf3 Qxa2 27. Rc1 Be6 28. Qxa8 Bxf7 29. Qxb7 Bxc4 30. h4 Bf7 31. h5 Bd8 32. Re1 a5 33. Re2 Qc4 34. Rd2 Be7 35. g3 Qb4 36. Qd7 Nf6 37. Qd3 Ne4 38.
Rc2 a4 39. Qe3 Bg5 40. Qe2 Qd4 41. Rc7 Nxf2 42. Qa2 Ne4+ 43. Kh1 Qf6 44. Kg2 a3 45. Bxe4 fxe4 46. Qxa3 Qe6 47. Qc5 Qf6 48. h6+ Bxh6 49. Rc8 Qf3+ 50. Kh2 Qe2+ 51. Kh1 Qh5+ 52. Qxh5 gxh5 53. Kg2 Bg5 54. Kf2 h6 55. Rc6 e3+ 56. Ke2 Bd5 57. Rd6 Bg2 58. Re6 Kf7 59. Re5 Kf6 60. Re8 Kf5 0-1

[Event "23rd ETCC Women 2021"]
[Site "Catez"]
[Date "2021.11.21"]
[Round "9.26"]
[White "Zimina, Olga"]
[Black "Hagarova, Zuzana"]
[Result "1-0"]
[ECO "B08"]
[WhiteElo "2339"]
[BlackElo "2292"]
[Annotator "NA"]
[PlyCount "85"]
[EventDate "2021.11.08"]
[EventType "team-tourn"]
[EventCountry "SLO"]
[SourceTitle "playchess.com"]
[Source "ChessBase"]
[SourceQuality "1"]
[WhiteTeam "Italy"]
[BlackTeam "Slovakia"]
[WhiteTeamCountry "ITA"]
[BlackTeamCountry "SVK"]
[TimeControl "40/5400+30:1800+30"]

1. d4 Nf6 2. Nf3 g6 3. Nc3 Bg7 4. e4 d6 5. Be3 c6 6. h3 Qa5 7. Bd3 Nbd7 8. O-O O-O 9. Qd2 e5 10. a3 Qc7 11. Rad1 Re8 12. Rfe1 Nb6 13.
Bh6 Qe7 14. Bf1 Bd7 15. a4 Rad8 16. a5 Nc8 17. Be3 b5 18.
b4 exd4 19. Bxd4 Be6 20. Qg5 h6 21. Qc1 Kh7 22. Qb2 c5 23.
Nd5 Bxd5 24. exd5 cxd4 25. Rxe7 Rxe7 26. Qxd4 Ne4 27. Qd3 Nc3 28. Rd2 Rde8 29. Nd4 Nb1 30. Re2 a6 31. c4 bxc4 32. Qxc4 Na3 33. Rxe7 Nxe7 34. Qd3 Nb5 35. Nxb5 axb5 36. Qxb5 Rf8 37. Bd3 Rc8 38. g3 Rc1+ 39. Kg2 Rc3 40. a6 Nc8 41. h4 Bd4 42. h5 Nb6 43.
Qe8 1-0

[Event "23rd ETCC Women 2021"]
[Site "Catez"]
[Date "2021.11.21"]
[Round "9.27"]
[White "Sucikova, Svetlana"]
[Black "Sedina, Elena"]
[Result "1/2-1/2"]
[ECO "D12"]
[WhiteElo "2197"]
[BlackElo "2263"]
[Annotator "NA"]
[PlyCount "74"]
[EventDate "2021.11.08"]
[EventType "team-tourn"]
[EventCountry "SLO"]
[SourceTitle "playchess.com"]
[Source "ChessBase"]
[SourceQuality "1"]
[WhiteTeam "Slovakia"]
[BlackTeam "Italy"]
[WhiteTeamCountry "SVK"]
[BlackTeamCountry "ITA"]
[TimeControl "40/5400+30:1800+30"]

1. Nf3 d5 2. d4 Nf6 3. c4 c6 4. e3 Bf5 5. Nc3 e6 6. Nh4 Bg6 7. Be2 Nbd7 8. g3 Bd6 9. Bd2 dxc4 10. Nxg6 hxg6 11. Bxc4 a6 12. Qf3 Qe7 13. Ne4 Bb4 14. Rd1 Nxe4 15. Qxe4 Nf6 16. Qf3 g5 17. O-O g4 18. Qe2 Bxd2 19. Rxd2 Ne4 20. Rc2 f5 21. f3 Nf6 22. Qd3 gxf3 23.
Rxf3 g6 24. Qb3 Kf7 25. e4 Nxe4 26. Re2 Kg7 27. Bxe6 Raf8 28. Bc4 b5 29. Bd3 Qd6 30. Bxe4 Qxd4+ 31. Qe3 Qxe3+ 32. Rfxe3 fxe4 33. Rxe4 Rh5 34. Rc2 c5 35. Re6 Rf6 36. Re7+ Rf7 37. Re6 Rf6 1/2-1/2

[Event "23rd ETCC Women 2021"]
[Site "Catez"]
[Date "2021.11.21"]
[Round "9.28"]
[White "Gueci, Tea"]
[Black "Mrvova, Alena"]
[Result "1-0"]
[ECO "B31"]
[WhiteElo "2242"]
[BlackElo "2174"]
[Annotator "NA"]
[PlyCount "89"]
[EventDate "2021.11.08"]
[EventType "team-tourn"]
[EventCountry "SLO"]
[SourceTitle "playchess.com"]
[Source "ChessBase"]
[SourceQuality "1"]
[WhiteTeam "Italy"]
[BlackTeam "Slovakia"]
[WhiteTeamCountry "ITA"]
[BlackTeamCountry "SVK"]
[TimeControl "40/5400+30:1800+30"]

1. e4 c5 2. Nf3 Nc6 3. Bb5 g6 4. c3 Nf6 5. Qe2 Bg7 6. O-O O-O 7. d4 cxd4 8. cxd4 d5 9. e5 Ne4 10. Be3 h6 11. Nbd2 Nxd2 12. Qxd2 Kh7 13. Rac1 Bd7 14. Rc5 a6 15. Bd3 Bg4 16. Ne1 Qd7 17. f4 Rfd8 18.
f5 Bxf5 19. Bxf5 gxf5 20. Rf3 Rh8 21. Nd3 f6 22. Rh3 fxe5 23.
Bxh6 f4 24. Bxf4+ Qxh3 25. gxh3 exf4 26. Rxd5 Bxd4+ 27. Kf1 Kg8 28. Qg2+ Kf8 29. Nxf4 Rg8 30. Ne6+ Kf7 31. Ng5+ Ke8 32. Qg4 Rf8+ 33. Ke1 Rh8 34. Qd7+ Kf8 35. Ne6+ Kf7 36. Nxd4 Nxd4 37. Rxd4 Rh6 38. Qf5+ Ke8 39. Rg4 Rh8 40. Qg6+ Kd7 41. Rd4+ Kc7 42. Qg3+ Kb6 43. Rd7 Rac8 44. Qb3+ Kc5 45. Qd5+ 1-0

[Event "23rd ETCC Women 2021"]
[Site "Catez"]
[Date "2021.11.21"]
[Round "9.29"]
[White "Danielian, Elina"]
[Black "Pilsova, Karolina"]
[Result "1-0"]
[ECO "A11"]
[WhiteElo "2450"]
[BlackElo "2281"]
[Annotator "ChessBase"]
[PlyCount "129"]
[EventDate "2021.11.08"]
[EventType "team-tourn"]
[EventCountry "SLO"]
[SourceTitle "playchess.com"]
[Source "ChessBase"]
[SourceQuality "1"]
[WhiteTeam "Armenia"]
[BlackTeam "Czech Republic"]
[WhiteTeamCountry "ARM"]
[BlackTeamCountry "CZE"]
[TimeControl "40/5400+30:1800+30"]

1. Nf3 d5 2. g3 Nf6 3. Bg2 c6 4. c4 Bg4 5. Ne5 Be6 6. cxd5 Bxd5 7. Nf3 c5 8. Nc3 Bc6 9. O-O e6 10. d3 Be7 11. e4 O-O 12. Qe2 b5 13.
Rd1 b4 14. Nb1 Bb7 15. Nbd2 Nc6 16. Nb3 Qb6 17. Be3 Rac8 18. Rac1 Na5 19. Nfd2 Rfd8 20. Nxa5 Qxa5 21. Nc4 Qb5 22. a3 a5 23. a4 Qa6 24. h4 Nd7 25. h5 h6 26. b3 Bf6 27. Qg4 Kh8 28. Bf4 e5 29. Be3 Nf8 30.
Bh3 Rc7 31. Qf3 Re8 32. Rc2 Kg8 33. Rdc1 Bc8 34. Bxc8 Rexc8 35. Qg4 Kh8 36. f4 Nd7 37. Qf5 Re8 38. Rf1 Re6 39. Kh2 Kg8 40. Rg2 Kf8 41. g4 Nb6 42. Nxe5 Ke8 43. Nc4 Nxc4 44. dxc4 Bd4 45. Bxd4 cxd4 46. e5 Kf8 47. Qe4 Rd7 48. Rd2 Qb6 49. Rfd1 d3 50. Kg3 f6 51. Rxd3 Rxd3+ 52. Qxd3 fxe5 53. f5 Re8 54. Qd6+ Qxd6 55. Rxd6 e4 56. Rd2 Kf7 57. Kf4 Kf6 58. Rd6+ Kf7 59. Ke3 Re7 60. Rd5 Ra7 61. Kxe4 Re7+ 62. Re5 Ra7 63. c5 Rc7 64. Kd5 Rd7+ 65. Kc4 1-0

[Event "23rd ETCC Women 2021"]
[Site "Catez"]
[Date "2021.11.21"]
[Round "9.30"]
[White "Petrova, Kristyna"]
[Black "Mkrtchian, Lilit"]
[Result "0-1"]
[ECO "E46"]
[WhiteElo "2275"]
[BlackElo "2379"]
[Annotator "NA"]
[PlyCount "70"]
[EventDate "2021.11.08"]
[EventType "team-tourn"]
[EventCountry "SLO"]
[SourceTitle "playchess.com"]
[Source "ChessBase"]
[SourceQuality "1"]
[WhiteTeam "Czech Republic"]
[BlackTeam "Armenia"]
[WhiteTeamCountry "CZE"]
[BlackTeamCountry "ARM"]
[TimeControl "40/5400+30:1800+30"]

1. d4 Nf6 2. c4 e6 3. Nc3 Bb4 4. e3 O-O 5. Nge2 Re8 6. a3 Bf8 7. d5 a5 8. g3 Na6 9. Bg2 Nc5 10. b3 exd5 11. cxd5 b6 12. O-O Ba6 13. Ra2 Nd3 14. Bd2 Rc8 15. Nd4 Bc5 16. Qb1 Ne5 17. Rd1 Bd3 18. Qa1 h5 19. Nf3 Nxf3+ 20. Bxf3 h4 21. Na4 Be4 22. Bxe4 Nxe4 23. Nxc5 Nxc5 24. b4 axb4 25. axb4 Ne4 26. Be1 Qg5 27. Qb2 hxg3 28. hxg3 f5 29. Kg2 Kf7 30. d6 Rh8 31. dxc7 Qh5 32. Rxd7+ Ke6 33. Re7+ Kxe7 34. Qxg7+ Ke6 35. Kf1 Qf3 0-1

[Event "23rd ETCC Women 2021"]
[Site "Catez"]
[Date "2021.11.21"]
[Round "9.31"]
[White "Gaboyan, Susanna"]
[Black "Miturova, Magdalena"]
[Result "1-0"]
[ECO "E05"]
[WhiteElo "2253"]
[BlackElo "2248"]
[Annotator "NA"]
[PlyCount "65"]
[EventDate "2021.11.08"]
[EventType "team-tourn"]
[EventCountry "SLO"]
[SourceTitle "playchess.com"]
[Source "ChessBase"]
[SourceQuality "1"]
[WhiteTeam "Armenia"]
[BlackTeam "Czech Republic"]
[WhiteTeamCountry "ARM"]
[BlackTeamCountry "CZE"]
[TimeControl "40/5400+30:1800+30"]

1. d4 Nf6 2. g3 e6 3. Bg2 d5 4. Nf3 Be7 5. O-O O-O 6. c4 dxc4 7. Qc2 b6 8.
Ne5 Qxd4 9. Bxa8 Qxe5 10. Bf4 Qh5 11. Bf3 Ng4 12. Bxg4 Qxg4 13. f3 Qh3 14. Nd2 Bc5+ 15. Kh1 e5 16. Bxe5 Re8 17. Nxc4 Nc6 18.
Rfd1 Re6 19. e4 Ba6 20. b4 Bxb4 21. Bxc7 Qh5 22. Kg2 Rh6 23. h4 g5 24. g4 Qg6 25. h5 Qf6 26. e5 Qe6 27. Ne3 Nxe5 28.
Nf5 Nxg4 29. Rd8+ Bf8 30. fxg4 Bb7+ 31. Kh2 Rxh5+ 32. gxh5 Be4 33. Re1 1-0

[Event "23rd ETCC Women 2021"]
[Site "Catez"]
[Date "2021.11.21"]
[Round "9.32"]
[White "Nemcova, Karin"]
[Black "Ghukasyan, Siranush"]
[Result "1-0"]
[ECO "C54"]
[WhiteElo "2169"]
[BlackElo "2168"]
[Annotator "NA"]
[PlyCount "81"]
[EventDate "2021.11.08"]
[EventType "team-tourn"]
[EventCountry "SLO"]
[SourceTitle "playchess.com"]
[Source "ChessBase"]
[SourceQuality "1"]
[WhiteTeam "Czech Republic"]
[BlackTeam "Armenia"]
[WhiteTeamCountry "CZE"]
[BlackTeamCountry "ARM"]
[TimeControl "40/5400+30:1800+30"]

1. e4 e5 2. Nf3 Nc6 3. Bc4 Bc5 4. c3 Nf6 5. d3 d6 6. Bg5 h6 7. Bh4 g5 8. Bg3 a6 9. Nbd2 Ba7 10. a4 O-O 11. O-O Re8 12. Re1 Qe7 13.
b4 Qf8 14. b5 Ne7 15. Nf1 Ng6 16. Ne3 Nf4 17. Bxf4 gxf4 18. Nd5 Nxd5 19. Bxd5 Rb8 20. Nh4 Be6 21. c4 Bd7 22. Qh5 Qg7 23. Nf5 Bxf5 24. exf5 Rf8 25. Ra2 Kh8 26. h4 Bd4 27. Kh1 c6 28. bxc6 bxc6 29. Bxc6 Rb3 30. Be4 Rg8 31. g4 fxg3 32. fxg3 Rgb8 33. g4 Rb1 34. Rxb1 Rxb1+ 35. Kh2 f6 36. Bd5 e4 37. Qe8+ Kh7 38. Qxe4 Be5+ 39. Kg2 Qa7 40. d4 Rc1 41. c5 1-0